Unix NetHack Version 3.7.0-60 Work-in-progress - last build Jul 10 2022 06:21:10 (14e6c82d0a2bdcc1d3355b92dfa208a3528279b5,branch:master). Game began 2022-07-12 11:48:38, ended 2022-07-12 12:20:12. Goreval, chaotic male human Monk --- ---- .. ..| .. -..| .. |..| --------- . |..| |...>...| -. |..|#####|.^.+.%.| |.--+--..|# |.......| |.. .....|#####........| - -----..-----.-## |.......| |........|.%%|.|# --------- -....-.%%|.|# |---.-----.|% |.%-.....%.|# |..|.......|% | ---- ----. ---------.....{.|# |..............h...M@.......@...|# ---------------------------------# Goreval the Initiate St:11 Dx:12 Co:12 In:11 Wi:15 Ch:12 Chaotic S:2783 Dlvl:8 $:105 HP:0(45) Pw:37(37) AC:4 Xp:6/536 T:2252 Latest messages: "Hello, Goreval! Welcome to Dharma's health food store!" There are two objects here. You see here a food ration (for sale, 45 zorkmids). You see here a food ration (for sale, 45 zorkmids). You see here a food ration (for sale, 45 zorkmids). This door is locked. Unlock it with your key? y You succeed in unlocking the door. The door resists! The door resists! The door opens. Pick an object. You hit the gnome lord! The gnome lord thrusts one of his daggers. The gnome lord hits! You kill the gnome lord! There are two objects here. The ice vortex just misses! You hit the ice vortex! The ice vortex engulfs you! You are freezing to death! You hit the ice vortex. You are freezing to death! You hit the ice vortex. You destroy the ice vortex! You hear crashing rock. Pick an object. a doorway or the floor of a room or the dark part of a room or ice (floor of a room) Pick an object. B a bat or bird (giant bat) The giant bat bites! You hit the giant bat! The giant bat bites! You kill the giant bat! You hit the human mummy! The human mummy hits! The human mummy hits! You hit the human mummy! The human mummy hits! The human mummy hits! You hit the human mummy! You hit the human mummy! The human mummy hits! The human mummy hits! You die... Do you want your possessions identified? y Do you want to see your attributes? y Do you want an account of creatures vanquished? y Do you want to see your conduct and achievements? y Do you want to see the dungeon overview? y Major events: Turn 1: Goreval the chaotic male human Monk entered the dungeon 515: attained the rank of Novice (level 3) 1605: entered the Gnomish Mines 1936: attained the rank of Initiate (level 6) 2205: reached Mine Town 2252: killed by a human mummy Inventory: Weapons A - an uncursed +1 dart t - 2 uncursed +0 elven daggers Armor m - an uncursed +2 pair of leather gloves (being worn) b - an uncursed +1 robe (being worn) Comestibles n - an uncursed slime mold g - 7 uncursed apples f - 2 uncursed food rations i - 3 uncursed fortune cookies h - 5 uncursed oranges x - an uncursed tin of french fried gecko meat u - an uncursed tin of smoked kobold meat Scrolls d - an uncursed scroll of create monster r - a blessed scroll of remove curse Potions L - an uncursed potion of blindness j - an uncursed potion of enlightenment M - an uncursed potion of extra healing W - a blessed potion of gain energy e - 3 uncursed potions of healing V - an uncursed potion of monster detection k - an uncursed potion of restore ability l - an uncursed potion of sickness s - a blessed potion of sleeping U - an uncursed potion of water Wands H - an uncursed wand of teleportation (0:6) Y - an uncursed wand of undead turning (0:2) Tools K - an uncursed wooden flute a - an uncursed lock pick D - an uncursed skeleton key y - an uncursed partly used tallow candle Gems/Stones G - an uncursed chrysoberyl stone I - 2 uncursed worthless pieces of green glass F - 3 uncursed worthless pieces of orange glass J - an uncursed worthless piece of violet glass Goreval the Monk's attributes: Background: You were an Initiate, a level 6 male human Monk. You were chaotic, nominally on a mission for Huan Ti who was opposed by Shan Lai Ching (lawful) and Chih Sung-tzu (neutral). You were in the Gnomish Mines, on level 8. You entered the dungeon 2252 turns ago. You had 536 experience points, 104 more were needed to attain level 7. Your score was 2783 before end-of-game adjustments. Basics: You had 0 out of 45 hit points. You had all 37 energy points (spell power). Your armor class was 4. Your wallet contained 105 zorkmids. Autopickup was off. Final Characteristics: Your strength was 11 (peak:14, limit:18/100). Your dexterity was 12 (limit:18). Your constitution was 12 (limit:18). Your intelligence was 11 (limit:18). Your wisdom was 15 (limit:18). Your charisma was 12 (limit:18). Final Status: You were not hungry. You were unencumbered. You were empty handed. You were skilled in martial arts. Final Attributes: You were piously aligned. You were sleep resistant. You were poison resistant. You saw invisible. You were telepathic. You were stealthy. You were guarded. You were fast. You are dead. Miscellaneous: You never encountered a bones level. Total elapsed playing time was 31 minutes and 34 seconds. Vanquished creatures: a giant mimic a small mimic a leprechaun an ice vortex a violet fungus 6 gnome leaders a gnomish wizard 2 giant ants a little dog a floating eye 3 kittens 2 dwarves a rothe a giant bat 2 dwarf zombies an iguana 2 hobbits 2 manes a hobgoblin a giant rat a cave spider a brown mold 10 gnomes a gecko 2 jackals a kobold 2 goblins 2 sewer rats a grid bug a lichen 6 newts 60 creatures vanquished. No species were genocided or became extinct. Voluntary challenges: You were an atheist. You never hit with a wielded weapon. You read items or engraved 2 times. You engraved Elbereth 1 time. You never genocided any monsters. You never polymorphed an object. You never changed form. You used no wishes. Achievements: You entered a shop. You attained the rank of Novice. You entered the Gnomish Mines. You attained the rank of Initiate. You entered Minetown. The Dungeons of Doom: levels 1 to 5 Level 1: A fountain. Level 2: An armor shop. Level 3: A scroll shop, many fountains. Level 4: Stairs down to The Gnomish Mines. Level 5: The Gnomish Mines: levels 5 to 9 Level 5: Level 6: Level 8: <- You were here. A health food store, a fountain. Final resting place for you, killed by a human mummy. Level 9: Game over: ---------- / \ / REST \ / IN \ / PEACE \ / \ | Goreval | | 105 Au | | killed by a | | human mummy | | | | | | 2022 | *| * * * | * _________)/\\_//(\/(/\)/\//\/|_)_______ Goodbye Goreval the Monk... You died in The Gnomish Mines on dungeon level 8 with 2773 points, and 105 pieces of gold, after 2252 moves. You were level 6 with a maximum of 45 hit points when you died.